 Dungeon Crawl Stone Soup version 0.22.1-2-g9c5b331 (webtiles) character file.

223 Fang the Skirmisher (level 6, 0/40 HPs)
             Began as a Gargoyle Berserker on Dec 18, 2018.
             Was a Believer of Trog.
             Slain by an ice beast (6 damage)
             ... on level 3 of the Dungeon.
             The game lasted 00:01:43 (1821 turns).

Fang the Skirmisher (Gargoyle Berserker)            Turns: 1821, Time: 00:01:45

Health: 0/40       AC: 15    Str: 23    XL:     6   Next: 0%
Magic:  6/6        EV:  7    Int:  7    God:    Trog [**....]
Gold:   107        SH:  0    Dex:  9    Spells: 5/5 levels left

rFire    . . .     SeeInvis .   a - +0 hand axe
rCold    . . .     Gourm    .   (no shield)
rNeg     + . .     Faith    .   l - +0 plate armour
rPois    ∞         Spirit   .   (no helmet)
rElec    +         Reflect  .   (no cloak)
rCorr    .         Harm     .   (no gloves)
MR       .....                  (no boots)
Stlth    ..........             k - amulet of rage
HPRegen  0.13/turn              (no ring)
MPRegen  0.10/turn              (no ring)

@: berserk cooldown, slowed, very slow
A: negative energy resistance 1, electricity resistance, unbreathing,
petrification resistance, rot immunity, AC +4
a: Berserk, Trog's Hand, Renounce Religion, Evoke Berserk Rage


You were on level 3 of the Dungeon.
You worshipped Trog.
Trog was pleased with you.
You were very hungry.

You visited 1 branch of the dungeon, and saw 3 of its levels.

You collected 107 gold pieces.

Inventory:

Hand Weapons
 a - a +0 hand axe (weapon)
Armour
 l - a +0 plate armour (worn)
Jewellery
 k - an amulet of rage (around neck)
Wands
 p - a wand of random effects (28)
Scrolls
 e - 4 scrolls of identify {unknown}
 f - 2 scrolls of random uselessness {unknown}
 j - a scroll of fog {unknown}
 m - a scroll of amnesia {unknown}
 r - a scroll of enchant weapon {unknown}
Potions
 b - a potion of flight {unknown}
 d - a potion of cancellation {unknown}
 g - a potion of curing {unknown}
 h - a potion of agility {unknown}
 i - a potion of haste {unknown}
 n - a potion of magic {unknown}
 o - a potion of invisibility {unknown}
 q - a potion of degeneration {unknown}
Comestibles
 c - 4 rations


   Skills:
 + Level 4.9 Fighting
 + Level 4.5 Axes
 + Level 2.9 Armour
 + Level 1.9 Dodging
 + Level 0.1 Stealth


You had 5 spell levels left.
You didn't know any spells.
Your spell library was empty.

Dungeon Overview and Level Annotations

Branches:
Dungeon (3/15)

Altars:
Uskayaw


Innate Abilities, Weirdness & Mutations

You are resistant to torment.
Your stone body is resilient. (AC +4)
You are immune to poison.
You resist negative energy. (rN+)
You are resistant to electric shocks. (rElec)
You can survive without breathing.
You are immune to petrification.
You are immune to rotting.


Message History

Things that are here:
a quarterstaff; a spear; a gnoll corpse You slash the ice beast!
The ice beast is heavily wounded.
The ice beast hits you but does no damage.
You hit the ice beast but do no damage.
The ice beast is heavily wounded.
You hit the ice beast but do no damage.
The ice beast is heavily wounded.
You are no longer berserk.
You are exhausted.
You feel yourself slow down. The ice beast hits you. The ice beast freezes you!
* * * LOW HITPOINT WARNING * * *
You hit the ice beast but do no damage.
The ice beast is heavily wounded.
The ice beast hits you but does no damage.
The ice beast hits you.
* * * LOW HITPOINT WARNING * * *
The ice beast freezes you.
You die...

.. .. .# ##. #..
#b# #Y# #@# #)#
#)# #.# #.# ###
###.# #.# #...#
#.#
#.#.#####.#######
#...............#


You could see an ice beast and a bat.

Vanquished Creatures
  An orc priest (D:3)
  Natasha (thrice) (D:2)
  3 gnolls (D:3)
  3 adders (D:2)
  3 oozes (D:2)
  A dart slug (D:1)
  2 leopard geckos (D:2)
  2 orcs (D:3)
  A giant cockroach (D:2)
  4 goblins (D:2)
  4 hobgoblins
  3 jackals (D:2)
  5 kobolds
  A quokka (D:2)
  7 bats
  5 frilled lizards
  6 rats
54 creatures vanquished.

Notes
Turn   | Place    | Note
-------+----------+-------------------------------------------
     0 | D:1      | Fang the Gargoyle Berserker began the quest for the Orb.
     0 | D:1      | Reached XP level 1. HP: 14/14 MP: 1/1
   113 | D:1      | Reached XP level 2. HP: 13/19 MP: 2/2
   714 | D:2      | Reached XP level 3. HP: 24/24 MP: 3/3
   738 | D:2      | Noticed Natasha
   747 | D:2      | Killed Natasha
   747 | D:2      | Reached ** piety under Trog
   902 | D:2      | Reached XP level 4. HP: 29/29 MP: 4/4
  1265 | D:2      | Found a hide-covered altar of Uskayaw.
  1323 | D:2      | Noticed Natasha
  1335 | D:2      | Killed Natasha
  1335 | D:2      | Reached XP level 5. HP: 23/33 MP: 5/5
  1501 | D:2      | Noticed Natasha
  1512 | D:2      | Killed Natasha
  1800 | D:3      | Noticed an ice beast
  1816 | D:3      | Reached XP level 6. HP: 32/40 MP: 6/6
  1821 | D:3      | Slain by an ice beast

Skill      XL: |  1  2  3  4 |
---------------+-------------+-----
Axes           | 3 4 |  4.5
Fighting       | 4 |  4.9
Armour         | |  2.9
Dodging        | |  1.9
Stealth        | |  0.1

Action                   |  1- 3 |  4- 6 || total
-------------------------+-------+-------++-------
Melee: Hand axe          |    83 |   113 ||   196
Invok: Berserk           |       |     1 ||     1
  Eat: Chunk             |       |     3 ||     3
Armor: Animal skin       |     5 |       ||     5
       Plate armour      |    52 |    81 ||   133
Dodge: Dodged            |    49 |    48 ||    97
